 Dungeon Crawl Stone Soup version 0.28.0-45-g0d030f2227 (webtiles) character file.

Game seed: 15591308549239422098

302 Bruhh the Chiller (level 6, -1/44 HPs)
             Began as a Gnoll Ice Elementalist on Apr 18, 2022.
             Slain by a phantom (9 damage)
             ... on level 4 of the Dungeon.
             The game lasted 00:09:36 (4365 turns).

Bruhh the Chiller (Gnoll Ice Elementalist)          Turns: 4365, Time: 00:09:37

Health: -1/44      AC:  3    Str:  7    XL:     6   Next: 37%
Magic:  7/14       EV: 13    Int: 17    God:
Gold:   176        SH:  0    Dex: 12    Spells: 8/15 levels left

rFire   . . .      SeeInvis .     - Unarmed
rCold   . . .      Faith    .   (no shield)
rNeg    . . .      Spirit   .   a - +0 robe
rPois   .          Reflect  .   (no helmet)
rElec   .          Harm     .   f - +0 cloak
rCorr   .          Rampage  .   (no gloves)
Will    .....                   (no boots)
Stlth   +++.......              (no amulet)
HPRegen 0.14/turn               (no ring)
MPRegen 0.14/turn               (no ring)

@: no status effects
A: fangs 1, strong nose, distributed training
a: no special abilities


You were on level 4 of the Dungeon.
You visited 1 branch of the dungeon, and saw 4 of its levels.

You collected 176 gold pieces.

Inventory:

Missiles
 j - 13 poisoned darts
Armour
 a - a +0 robe (worn)
 e - an orb of energy
 f - a +0 cloak (worn)
Scrolls
 h - a scroll of immolation {unknown}
 i - 2 scrolls of noise {unknown}
 k - 2 scrolls of identify {unknown}
Potions
 b - a potion of degeneration {unknown}
 c - 2 potions of ambrosia {unknown}
 d - a potion of flight {unknown}
 g - a potion of curing {unknown}


   Skills:
 + Level 1.9 Fighting
 + Level 1.9 Short Blades
 + Level 1.9 Long Blades
 + Level 1.9 Axes
 + Level 1.9 Maces & Flails
 + Level 1.9 Polearms
 + Level 1.9 Staves
 + Level 1.9 Slings
 + Level 1.9 Bows
 + Level 1.9 Crossbows
 + Level 1.9 Throwing
 + Level 1.9 Armour
 + Level 5.0 Dodging
 + Level 4.6 Stealth
 + Level 1.9 Shields
 + Level 1.9 Unarmed Combat
 + Level 5.3 Spellcasting
 + Level 1.5 Conjurations
 + Level 1.5 Hexes
 + Level 1.5 Summonings
 + Level 1.5 Necromancy
 + Level 1.5 Translocations
 + Level 1.5 Transmutations
 + Level 1.5 Fire Magic
 + Level 7.3 Ice Magic
 + Level 1.5 Air Magic
 + Level 1.5 Earth Magic
 + Level 1.5 Poison Magic
 + Level 2.1 Invocations
 + Level 1.9 Evocations


You had 8 spell levels left.
You knew the following spells:

 Your Spells              Type           Power      Damage    Failure   Level
a - Freeze                Ice            100%       1d11      1%          1
b - Frozen Ramparts       Ice            58%        1d7       1%          3
c - Ozocubu's Armour      Ice            29%        N/A       1%          3

Your spell library contained the following spells:

 Spells                   Type           Power      Damage    Failure   Level
 Apportation              Tloc           18%        N/A       8%          1
 Sandblast                Erth           18%        2d7       8%          1
 Passwall                 Tmut/Erth      7%         N/A       11%         2
 Static Discharge         Conj/Air       9%         N/A       11%         2
 Gell's Gravitas          Tloc           9%         N/A       22%         3
 Hailstorm                Conj/Ice       19%        3d6       22%         4
 Lightning Bolt           Conj/Air       4%         1d16      90%         5
 Dispersal                Tloc           4%         N/A       100%        6
 Maxwell's Capacitive Co  Air            4%         ∞         100%        8


Dungeon Overview and Level Annotations

Branches:
Dungeon (4/15)
 Temple: D:4-7

Altars:
Elyvilon

Shops:
D:2 (   D:4 *


Innate Abilities, Weirdness & Mutations

You have very sharp teeth.
Your uncanny sense of smell can sniff out nearby items.
Your experience applies equally to all skills.


Message History

You are too injured to fight recklessly!
You are too injured to fight recklessly!
You are too injured to fight recklessly!
You are too injured to fight recklessly!
You are too injured to fight recklessly!
You are too injured to fight recklessly!
You are too injured to fight recklessly!
You are too injured to fight recklessly!
You are too injured to fight recklessly!
You are too injured to fight recklessly!
You are too injured to fight recklessly!
You are too injured to fight recklessly!
You are too injured to fight recklessly!
You are too injured to fight recklessly!
You are too injured to fight recklessly!
You are too injured to fight recklessly!
You are too injured to fight recklessly!
You are too injured to fight recklessly!
You closely miss the phantom.
The phantom is severely damaged.
The phantom hits you.
You hit the phantom but do no damage.
The phantom is severely damaged.
The phantom hits you but does no damage.
You hit the phantom. Your bite misses the phantom.
The phantom is severely damaged.
The phantom hits you.
* * * LOW HITPOINT WARNING * * *
You hit the phantom.
The phantom is severely damaged.
The phantom barely misses you.
You closely miss the phantom.
The phantom is severely damaged.
The phantom barely misses you. The phantom barely misses you.
The phantom hits you.
* * * LOW HITPOINT WARNING * * *
There is a stone staircase leading up here.
The phantom hits you!
You die...

#....#.....
#....#.....######
#....#.....#....##
#....#.....#.....#..#
##...#.....'.....'..# .. ∆
#...#.....##'######## ....
#...#...............####....
#...#.......................
#...#.........@W............
#...#...)...................
#...#.....######............
#...#.....#....#............
#...#.....#....#............
#.........#..#..............
#+##########################


You could see a phantom.

Vanquished Creatures
  An ogre (D:3)
  3 iguanas
  An orc wizard (D:4)
  2 adders (D:2)
  2 worms (D:3)
  5 dart slugs
  3 orcs (D:4)
  11 ball pythons
  5 endoplasms
  3 giant cockroaches
  6 goblins
  5 hobgoblins
  8 jackals
  5 kobolds
  4 quokkas
  6 bats
  3 frilled lizards
  7 rats
80 creatures vanquished.

Notes
Turn   | Place    | Note
-------+----------+-------------------------------------------
     0 | D:1      | Bruhh the Gnoll Ice Elementalist began the quest for the
                  | Orb.
     0 | D:1      | Reached XP level 1. HP: 13/13 MP: 6/6
   120 | D:1      | Reached XP level 2. HP: 19/19 MP: 5/7
   810 | D:1      | Reached XP level 3. HP: 22/25 MP: 5/9
   910 | D:1      | Reached skill level 5 in Spellcasting
  1060 | D:1      | Got the Volume of the Earthen Voyage
  1341 | D:2      | Reached skill level 1 in Invocations
  1379 | D:2      | Learned a level 3 spell: Frozen Ramparts
  1383 | D:2      | Learned a level 3 spell: Ozocubu's Armour
  1611 | D:2      | Reached skill level 1 in Fighting
  1611 | D:2      | Reached skill level 1 in Short Blades
  1611 | D:2      | Reached skill level 1 in Long Blades
  1611 | D:2      | Reached skill level 1 in Axes
  1611 | D:2      | Reached skill level 1 in Maces & Flails
  1611 | D:2      | Reached skill level 1 in Polearms
  1611 | D:2      | Reached skill level 1 in Staves
  1611 | D:2      | Reached skill level 1 in Slings
  1611 | D:2      | Reached skill level 1 in Bows
  1611 | D:2      | Reached skill level 1 in Crossbows
  1611 | D:2      | Reached skill level 1 in Throwing
  1611 | D:2      | Reached skill level 1 in Armour
  1611 | D:2      | Reached skill level 1 in Shields
  1611 | D:2      | Reached skill level 1 in Unarmed Combat
  1611 | D:2      | Reached skill level 1 in Evocations
  1780 | D:2      | Reached XP level 4. HP: 21/32 MP: 9/11
  2639 | D:2      | Found Syodgheru's Weapon Emporium.
  2947 | D:3      | Reached skill level 1 in Conjurations
  2947 | D:3      | Reached skill level 1 in Hexes
  2947 | D:3      | Reached skill level 1 in Summonings
  2947 | D:3      | Reached skill level 1 in Necromancy
  2947 | D:3      | Reached skill level 1 in Translocations
  2947 | D:3      | Reached skill level 1 in Transmutations
  2947 | D:3      | Reached skill level 1 in Fire Magic
  2947 | D:3      | Reached skill level 1 in Air Magic
  2947 | D:3      | Reached skill level 1 in Earth Magic
  2947 | D:3      | Reached skill level 1 in Poison Magic
  2989 | D:3      | Reached XP level 5. HP: 37/37 MP: 9/12
  3088 | D:3      | Found a faded altar of an unknown god.
  3235 | D:3      | Noticed an ogre
  3239 | D:3      | Killed an ogre
  3306 | D:3      | Found a white marble altar of Elyvilon.
  3965 | D:4      | Reached XP level 6. HP: 34/44 MP: 8/13
  4045 | D:4      | Found Yfeem's Elemental Accessories.
  4198 | D:4      | Reached skill level 5 in Dodging
  4365 | D:4      | Slain by a phantom

Illustrated notes

Levels and vault maps discovered:
D:1:      amcnicky_arrival_double_pillar, layout_loops_ring
D:2:      layout_loops_cross, serial_shops, nicolae_shop_crystal
D:3:      layout_loops_ring, elyvilon_altar_1, basic_ecumenical_altar
D:4:      layout_gridville, minmay_temple_entry_trees, nicolae_elemental_shop,
          uniq_menkaure, uniq_sigmund

Skill      XL: |  1  2  3  4  5  6 |
---------------+-------------------+-----
Spellcasting   | 5 |  5.3
Invocations    | 1 2 |  2.1
Fighting       | 1 |  1.9
Short Blades   | 1 |  1.9
Long Blades    | 1 |  1.9
Axes           | 1 |  1.9
Maces & Flails | 1 |  1.9
Polearms       | 1 |  1.9
Staves         | 1 |  1.9
Slings         | 1 |  1.9
Bows           | 1 |  1.9
Crossbows      | 1 |  1.9
Throwing       | 1 |  1.9
Armour         | 1 |  1.9
Shields        | 1 |  1.9
Unarmed Combat | 1 |  1.9
Evocations     | 1 |  1.9
Conjurations   | 1 |  1.5
Hexes          | 1 |  1.5
Summonings     | 1 |  1.5
Necromancy     | 1 |  1.5
Translocations | 1 |  1.5
Transmutations | 1 |  1.5
Fire Magic     | 1 |  1.5
Air Magic      | 1 |  1.5
Earth Magic    | 1 |  1.5
Poison Magic   | 1 |  1.5
Dodging        | 5 |  5.0
Stealth        | |  4.6
Ice Magic      | |  7.3

Action                   |  1- 3 |  4- 6 || total
-------------------------+-------+-------++-------
Melee: Unarmed           |    85 |   101 ||   186
       Bite              |    13 |     9 ||    22
       Punch             |     4 |       ||     4
 Cast: Freeze            |    49 |    77 ||   126
       Ozocubu's Armour  |       |     1 ||     1
       Frozen Ramparts   |       |     1 ||     1
 Stab: Sleeping          |     3 |     2 ||     5
       Distracted        |       |     1 ||     1
Armor: Robe              |    28 |    26 ||    54
Dodge: Dodged            |    91 |   103 ||   194
